Map: Ulrena

Players

IceKenai

  • Race: Terran Terran
  • League: Gold
  • Spawn Location: 11:00

Fropez - Winner!

  • Race: Protoss Protoss
  • League: Silver
  • Spawn Location: 7:00

VOD

Have the link to the VOD?

Description

Time

  • Played on: July 7, 2016, 11:39 a.m.
  • Length: 10:57
Show
View Real Time Build Order
Export as new Build Order

IceKenai Terran 

Build Orders: MMM Bio 

Get SALT Encoding   

  12  0:02  SCV  
  13  0:14  SCV  
  14  0:19  Supply Depot  
  14  0:26  SCV  
  15  0:40  SCV  
  15  0:42  Barracks  
  16  0:53  SCV  
  16  0:54  Supply Depot  
  17  1:06  SCV  
  17  1:07  Refinery  
  17  1:09  Refinery  
  18  1:18  SCV  
  20  1:34  Marine, Orbital Command  
  20  2:00  Barracks Tech Lab  
  20  2:03  Command Center  
  20  2:08  SCV  
  21  2:20  SCV, Marauder  
  24  2:28  Barracks  
  24  2:32  SCV  
  25  2:37  Barracks  
  25  2:44  SCV  
  25  2:45  Stimpack  
  26  2:53  Marauder  
  26  2:56  SCV  
  29  3:08  SCV  
  29  3:09  Factory  
  30  3:21  Barracks Reactor  
  30  3:29  Barracks Tech Lab  
  30  3:31  Bunker  
  30  3:33  Marauder  
  32  3:34  SCV  
  32  3:41  Supply Depot  
  31  3:48  Marine  
  28  4:00  Orbital Command  
  28  4:02  SCV  
  29  4:05  Marine  
  30  4:24  Engineering Bay  
  27  4:27  SCV  
  27  4:28  Marine x2  
  27  4:29  Marine  
  28  4:39  SCV  
  28  4:40  Factory Reactor  
  22  4:57  Marine x3  
  25  5:12  SCV x2  
  27  5:24  Missile Turret  
  27  5:31  Marine x2, Missile Turret  
  29  5:36  Marauder  
  25  5:47  SCV x2  
  27  6:05  SCV  
  27  6:06  SCV  
  29  6:12  Marine x2  
  29  6:13  Marauder x2  
  35  6:20  SCV x2  
  35  6:21  Starport  
  37  6:33  SCV x2  
  39  6:41  Marine  
  39  6:42  Marine  
  39  6:45  SCV x2  
  43  6:49  Combat Shields  
  43  6:57  SCV, Supply Depot  
  45  7:08  SCV  
  45  7:15  Marine x3  
  45  7:19  Refinery  
  45  7:21  Supply Depot, Refinery  
  48  7:34  Viking  
  50  7:38  Medivac  
  52  7:49  Marine x3  
  55  7:56  Marauder  
  57  8:01  SCV  
  57  8:03  SCV  
  59  8:12  Medivac  
  61  8:21  Supply Depot  
  49  8:44  SCV x2  
  51  8:52  Marine  
  52  8:56  SCV  
  19  9:28  Marine x2  
  19  9:29  Marauder x2  
  21  9:33  Missile Turret  
  21  9:44  Missile Turret  
  21  9:46  Marine  
  21  9:49  Missile Turret  
  21  9:50  Marauder  
  24  9:59  Missile Turret  
  24  10:00  SCV x2  
  24  10:04  Marine  
  27  10:23  SCV x2  
  27  10:25  Missile Turret  
  29  10:32  Marine  
  29  10:33  Marine  
  31  10:35  SCV  
  31  10:36  SCV  
Show
View Real Time Build Order
Export as new Build Order

Fropez Protoss - Winner!

Build Orders: Oracle Opening 

Get SALT Encoding   

  12  0:01  Probe (Chrono Boost)  
  13  0:21  Pylon  
  13  0:22  Probe (Chrono Boost)  
  13  0:26  Assimilator  
  14  0:39  Gateway  
  14  0:41  Probe (Chrono Boost)  
  15  0:59  Probe (Chrono Boost), Gateway  
  16  1:10  Pylon  
  16  1:12  Probe (Chrono Boost)  
  17  1:23  Probe (Chrono Boost)  
  18  1:30  Cybernetics Core  
  18  1:35  Probe (Chrono Boost)  
  19  1:46  Probe (Chrono Boost)  
  20  1:47  Pylon  
  20  1:54  Assimilator  
  20  2:09  Stargate  
  20  2:21  Protoss Air Weapons Level 1 (Chrono Boost)  
  20  2:24  Probe  
  21  2:36  Probe  
  22  2:52  Oracle (Chrono Boost)  
  25  3:06  Probe  
  25  3:08  Gateway  
  28  3:23  Oracle (Chrono Boost)  
  29  3:32  Probe  
  30  3:54  Probe  
  33  3:59  Oracle (Chrono Boost)  
  34  4:14  Pylon, Protoss Air Armor Level 1 (Chrono Boost)  
  34  4:17  Nexus  
  34  4:20  Pylon  
  34  4:52  Probe  
  35  5:03  Phoenix (Chrono Boost)  
  35  5:05  Stargate  
  37  5:08  Assimilator  
  37  5:10  Assimilator  
  37  5:11  Probe  
  37  5:12  Gateway  
  38  5:15  Gateway  
  38  5:23  Probe  
  38  5:26  Phoenix  
  41  6:04  Warp Gate (Chrono Boost)  
  41  6:08  Fleet Beacon  
  41  6:14  Zealot x4  
  41  6:15  Zealot  
  51  6:22  Oracle  
  54  6:35  Oracle  
  57  6:41  Zealot x3  
  57  6:43  Zealot  
  57  6:46  Probe  
  66  6:50  Probe  
  67  6:56  Zealot  
  69  7:05  Pylon  
  69  7:15  Pylon  
  69  7:31  Oracle (Chrono Boost)  
  69  7:32  Oracle (Chrono Boost)  
  75  7:45  Protoss Air Weapons Level 2  
  72  8:40  Zealot x2  
  72  8:41  Zealot x3  
  79  8:51  Twilight Council  
  79  8:54  Pylon  
  57  9:10  Zealot x5  
  57  9:31  Probe x2  
  57  9:36  Tempest (Chrono Boost)  
  63  9:39  Nexus  
  63  9:45  Probe x2  
  65  9:57  Probe x2  
  67  10:09  Probe  
Tags
 
Composition
MMM Bio
Matchup
PvT
Replay Pack
All Mines
Spawn Locations
Close Positions
Add a new tag
Caveats
  • Supply blocks, unpowered buildings, or Contaminate may cause inaccurate times.
  • Supply counts are checked every 10 seconds.